 Dungeon Crawl Stone Soup version 0.23.1-41-g7e51ed3 (webtiles) character file.

Game seed: 589781227848969298

542 snowfan the Firebug (level 7, -4/46 HPs)
             Began as a Mummy Fire Elementalist on Mar 30, 2019.
             Slain by a gnoll sergeant
             ... wielding a +2 spear of piercing
              (5 damage)
             ... on level 4 of the Dungeon.
             The game lasted 00:16:49 (7769 turns).

snowfan the Firebug (Mummy Fire Elementalist)       Turns: 7769, Time: 00:16:50

Health: -4/46      AC:  5    Str: 11    XL:     7   Next: 6%
Magic:  3/11       EV: 12    Int: 17    God:
Gold:   219        SH:  0    Dex: 12    Spells: 2/11 levels left

rFire    x . .     SeeInvis .   m - +2 mace (crush)
rCold    + . .     Gourm    .   (no shield)
rNeg     + + +     Faith    .   a - +0 robe
rPois    ∞         Spirit   .   j - +1 hat
rElec    .         Reflect  .   (no cloak)
rCorr    .         Harm     .   (no gloves)
MR       .....     Rnd*Tele +   g - +1 pair of boots
Stlth    ++........             r - amulet of the acrobat
HPRegen  0.15/turn              f - ring of teleportation (curse)
MPRegen  0.12/turn              (no ring)

@: no status effects
A: no food or potions, fire vulnerability, cold resistance 1, negative energy
resistance 3, torment resistance, unbreathing
a: no special abilities


You were on level 4 of the Dungeon.
You were not hungry.

You visited 1 branch of the dungeon, and saw 4 of its levels.

You collected 219 gold pieces.

Inventory:

Hand Weapons
 e - a +0 club
 h - a +0 mace
 m - a +2 mace of crushing (weapon)
 n - a +0 blowgun
Missiles
 d - 98 stones (quivered)
 k - 17 sling bullets
 o - 34 poisoned needles
Armour
 a - a +0 robe (worn)
 g - a +1 pair of boots (worn)
 j - a +1 hat (worn)
Jewellery
 f - a cursed ring of teleportation (left hand)
 r - an amulet of the acrobat (around neck)
Scrolls
 b - 7 scrolls of identify {unknown}
 c - 2 scrolls of random uselessness {unknown}
 i - 2 scrolls of blinking {unknown}
 l - a scroll of teleportation {unknown}
 p - a scroll of enchant armour {unknown}
 q - a scroll of fog {unknown}


   Skills:
 - Level 1.5 Dodging
 - Level 1.5 Stealth
 - Level 2.6 Spellcasting
 + Level 3.5 Conjurations
 * Level 5.6 Fire Magic


You had 2 spell levels left.
You knew the following spells:

 Your Spells              Type           Power        Failure   Level  Hunger
a - Flame Tongue          Conj/Fire      ###..        2%          1    N/A
d - Conjure Flame         Conj/Fire      ###.....     9%          3    N/A
s - Throw Flame           Conj/Fire      ###...       4%          2    N/A
x - Inner Flame           Hex/Fire       ##......     17%         3    N/A

Your spell library contained the following spells:

 Spells                   Type           Power        Failure   Level  Hunger
 Sticky Flame             Conj/Fire      ###.....     26%         4    N/A
 Fireball                 Conj/Fire      ###.......   58%         5    N/A

Dungeon Overview and Level Annotations

Branches:
Dungeon (4/15)
 Temple: D:4-7

Altars:
Trog

Shops:
D:4 [


Innate Abilities, Weirdness & Mutations

You do not eat or drink.
Your flesh is vulnerable to fire.
You are immune to poison.
Your flesh is cold resistant. (rC+)
You are immune to negative energy. (rN+++)
You are immune to unholy pain and torment.
You can survive without breathing.


Message History

The flame tongue misses the gnoll sergeant.
The gnoll sergeant completely misses you.
Casting: Flame Tongue (safe; 2% risk of failure)
Confirm with . or Enter, or press ? or * to list all spells.
Aiming: Flame Tongue (safe; 2% risk of failure)
Press: ? - help, Shift-Dir - straight line, f/p - gnoll sergeant
Aim: a gnoll sergeant, wielding a +2 spear of piercing and wearing a +0 scale mail (severely wounded)
The flame tongue hits the gnoll sergeant.
The gnoll sergeant is severely wounded.
The gnoll sergeant hits you but does no damage.
Casting: Flame Tongue (safe; 2% risk of failure)
Confirm with . or Enter, or press ? or * to list all spells.
Aiming: Flame Tongue (safe; 2% risk of failure)
Press: ? - help, Shift-Dir - straight line, f/p - gnoll sergeant
Aim: a gnoll sergeant, wielding a +2 spear of piercing and wearing a +0 scale mail (severely wounded)
The flame tongue hits the gnoll sergeant.
The gnoll sergeant is severely wounded.
The gnoll sergeant hits you from afar with a +2 spear of piercing!
* * * LOW HITPOINT WARNING * * *
You die...

........####....+
........###.....# ....
..........'.....+ ....
..).....###.....# ...!.
......### #...#### ..#.#
...... ####......#......
###### .......$..#......
..................
..........@....... .
....PPP...........
....P∩....g.###...
.....PP...... >.
##.....................#..
##.......................
..................##.#..
..................##.#..
....................#..


You could see a gnoll sergeant.

Vanquished Creatures
  An eye of draining (D:3)
  An ogre (D:4)
  2 hounds
  2 orc priests (D:3)
  An orc wizard (D:3)
  8 adders
  5 gnolls
  An ooze (D:3)
  4 worms
  A leopard gecko (D:1)
  13 orcs
  8 bats
  3 giant cockroaches
  2 goblins
  8 hobgoblins
  5 jackals
  3 quokkas
  4 frilled lizards
  9 kobolds
  A leopard gecko skeleton (D:4)
  7 rats
89 creatures vanquished.

Notes
Turn   | Place    | Note
-------+----------+-------------------------------------------
     0 | D:1      | snowfan the Mummy Fire Elementalist began the quest for the
                  | Orb.
     0 | D:1      | Reached XP level 1. HP: 13/13 MP: 4/4
   199 | D:1      | Reached skill level 1 in Conjurations
   581 | D:1      | Reached XP level 2. HP: 15/19 MP: 1/5
  1432 | D:2      | Reached skill level 3 in Fire Magic
  1470 | D:2      | Reached XP level 3. HP: 16/24 MP: 1/7
  2156 | D:2      | Reached XP level 4. HP: 14/30 MP: 1/8
  3494 | D:3      | Reached skill level 4 in Fire Magic
  3659 | D:3      | Reached XP level 5. HP: 21/35 MP: 4/9
  5096 | D:3      | Found a bloodstained altar of Trog.
  5097 | D:3      | Noticed an eye of draining
  5670 | D:3      | Reached XP level 6. HP: 14/41 MP: 2/10
  6749 | D:2      | Learned a level 3 spell: Conjure Flame
  6752 | D:2      | Learned a level 2 spell: Throw Flame
  6756 | D:2      | Learned a level 3 spell: Inner Flame
  6912 | D:4      | Reached skill level 5 in Fire Magic
  7609 | D:4      | Reached XP level 7. HP: 46/46 MP: 0/11
  7755 | D:4      | Found Teduaxio's Antique Armour Shop.
  7769 | D:4      | HP: 1/46 [gnoll sergeant/+2 spear of piercing (15)]
  7769 | D:4      | Slain by a gnoll sergeant

Skill      XL: |  1  2  3  4  5  6 |
---------------+-------------------+-----
Conjurations   | 1 2 3 |  3.5
Fire Magic     | 3 4 5 |  5.6
Dodging        | |  1.5
Stealth        | |  1.5
Spellcasting   | |  2.6

Action                   |  1- 3 |  4- 6 |  7- 9 || total
-------------------------+-------+-------+-------++-------
Melee: Unarmed           |     2 |       |       ||     2
       Mace              |    45 |    45 |       ||    90
 Cast: Flame Tongue      |    34 |   161 |    11 ||   206
       Conjure Flame     |       |     1 |       ||     1
 Stab: Sleeping          |     3 |     1 |       ||     4
Armor: Robe              |    16 |    38 |       ||    54
Dodge: Dodged            |    53 |    90 |     1 ||   144
